TOP OF THE 1ST |
Great Lakes Loons batting - Pitching for Hagerstown Suns : RHP Ivano Galikov
|
Pitching: RHP Ivano Galikov
|
|
Batting: RHB Theo Schepers
|
0-0: Called Strike 0-1: Ball 1-1: Ball 2-1: Foul Ball, location: 2F 2-2: Foul Ball, location: 2F 2-2: Ground out 4-3 (Groundball, 4, EV 100.6 MPH)
|
Batting: LHB Chris Barrera
|
0-0: Called Strike 0-1: Ball 1-1: Ground out U3 (Groundball, 3, EV 87.5 MPH)
|
Batting: SHB Shane Marcum
|
0-0: Ball 1-0: Swinging Strike 1-1: Ball 2-1: DOUBLE (Line Drive, 78XD, EV 110.0 MPH)
|
Batting: LHB Steve Pond
|
0-0: Ball 1-0: Called Strike 1-1: Ball 2-1: Fly out, F7 (Line Drive, 7, EV 99.4 MPH)
|
Top of the 1st over - 0 runs, 1 hit, 0 errors, 1 left on base; Great Lakes 0 - Hagerstown 0 |
BOTTOM OF THE 1ST |
Hagerstown Suns batting - Pitching for Great Lakes Loons : LHP Jonathan Daniels
|
Pitching: LHP Jonathan Daniels
|
|
Batting: RHB John Savard
|
0-0: Called Strike 0-1: Ground out 4-3 (Groundball, 4, EV 101.2 MPH)
|
Batting: RHB Jim Miske
|
0-0: Ground out 5-3 (Groundball, 56S, EV 82.5 MPH)
|
Batting: LHB Nate Melendez
|
0-0: Fly out, F8 (Line Drive, 8RM, EV 110.0 MPH)
|
Bottom of the 1st over - 0 runs, 0 hits, 0 errors, 0 left on base; Great Lakes 0 - Hagerstown 0 |
TOP OF THE 2ND |
Great Lakes Loons batting - Pitching for Hagerstown Suns : RHP Ivano Galikov
|
Batting: RHB Jerry Sanchez
|
0-0: Ball 1-0: Called Strike 1-1: DOUBLE (Flyball, 8LXD, EV 102.5 MPH)
|
Batting: LHB Mitchell Casey
|
0-0: Called Strike 0-1: Ball 1-1: Ball 2-1: Swinging Strike 2-2: 2-RUN HOME RUN (Flyball, 9D, EV 96.9 MPH), Distance : 362 ft
|
Batting: RHB Matt Fields
|
0-0: Ball 1-0: SINGLE (Line Drive, 8RS, EV 111.2 MPH)
|
Batting: RHB Chad Rojas
|
0-0: Foul Ball, location: 2F 0-1: Ball Wild Pitch! Matt Fields to second 1-1: TRIPLE (Flyball, 7LD, EV 106.2 MPH) Matt Fields scores
|
Batting: RHB Bob Magana
|
0-0: Called Strike 0-1: Fly out, F5 (Popup, 5, EV 74.4 MPH)
|
Batting: RHB Theo Schepers
|
0-0: Ball 1-0: Ball 2-0: Ball 3-0: Called Strike 3-1: SINGLE (Groundball, 6D, EV 95.0 MPH) Chad Rojas scores
|
Batting: LHB Chris Barrera
|
0-0: Ball Theo Schepers steals 2nd base 1-0: Swinging Strike 1-1: Ball 2-1: Swinging Strike 2-2: Strikes out swinging
|
Batting: SHB Shane Marcum
|
0-0: Called Strike Theo Schepers steals 3rd base 0-1: Foul Ball, location: 2F 0-2: Ground out 6-3 (Groundball, 6M, EV 86.2 MPH)
|
Top of the 2nd over - 4 runs, 5 hits, 0 errors, 1 left on base; Great Lakes 4 - Hagerstown 0 |
BOTTOM OF THE 2ND |
Hagerstown Suns batting - Pitching for Great Lakes Loons : LHP Jonathan Daniels
|
Batting: RHB Slavik Nebrodov
|
0-0: Swinging Strike 0-1: SINGLE (Line Drive, 7S, EV 103.8 MPH)
|
Batting: LHB Elias Posada
|
0-0: Foul Ball, location: 2F 0-1: SINGLE (Groundball, 4D, EV 103.8 MPH) Slavik Nebrodov to second Runner from 2nd tries for 3rd, SAFE, throw by CF made to third
|
Batting: RHB Naofumi Ishida
|
0-0: Ground out 4-3 (Groundball, 4S, EV 70.0 MPH) Slavik Nebrodov scores Elias Posada to second
|
Batting: LHB Chance McWilliams
|
0-0: Ball 1-0: Ball 2-0: Ball 3-0: Base on Balls
|
Batting: RHB Antonio Morado
|
0-0: Called Strike 0-1: Foul Ball, location: 2F 0-2: Foul Ball, location: 2F 0-2: Ball 1-2: Strikes out swinging
|
Batting: RHB Joe Klein
|
0-0: Fielders Choice at 2nd, 5-4 (Groundball, 56, EV 91.2 MPH)
|
Bottom of the 2nd over - 1 run, 2 hits, 0 errors, 2 left on base; Great Lakes 4 - Hagerstown 1 |
TOP OF THE 3RD |
Great Lakes Loons batting - Pitching for Hagerstown Suns : RHP Ivano Galikov
|
Batting: LHB Steve Pond
|
0-0: Called Strike 0-1: Foul Ball, location: 2F 0-2: Ball 1-2: Foul Ball, location: 2F 1-2: Ball 2-2: Strikes out looking
|
Batting: RHB Jerry Sanchez
|
0-0: Foul Ball, location: 2F 0-1: Called Strike 0-2: Ground out 5-3 (Groundball, 56, EV 108.1 MPH)
|
Batting: LHB Mitchell Casey
|
0-0: Ball 1-0: Foul Ball, location: 2F 1-1: Ball 2-1: Foul Ball, location: 2F 2-2: Foul Ball, location: 2F 2-2: Ball 3-2: Foul Ball, location: 2F 3-2: SINGLE (Line Drive, 56D, EV 101.2 MPH)
|
Batting: RHB Matt Fields
|
0-0: Foul Ball, location: 2F 0-1: Ball 1-1: Called Strike 1-2: Ball 2-2: Ball 3-2: Foul Ball, location: 2F 3-2: DOUBLE (Flyball, 8RXD, EV 97.5 MPH) Mitchell Casey to third Mitchell Casey scores
|
Pitching: RHP Chris Bonham
|
|
Batting: RHB Chad Rojas
|
0-0: Ground out 4-3 (Groundball, 4S, EV 88.1 MPH)
|
Top of the 3rd over - 1 run, 2 hits, 0 errors, 1 left on base; Great Lakes 5 - Hagerstown 1 |
BOTTOM OF THE 3RD |
Hagerstown Suns batting - Pitching for Great Lakes Loons : LHP Jonathan Daniels
|
Batting: RHB John Savard
|
0-0: Ball 1-0: Ball 2-0: Foul Ball, location: 2F 2-1: Ball 3-1: Ground out 4-3 (Groundball, 4, EV 88.1 MPH)
|
Batting: RHB Jim Miske
|
0-0: Called Strike 0-1: Foul Ball, location: 2F 0-2: Fly out, F7 (Line Drive, 7, EV 92.5 MPH)
|
Batting: LHB Nate Melendez
|
0-0: Ball 1-0: Foul Ball, location: 2F 1-1: Ball 2-1: Ball 3-1: Base on Balls
|
Batting: RHB Slavik Nebrodov
|
0-0: Called Strike 0-1: Ball Nate Melendez steals 2nd base 1-1: Foul Ball, location: 2F 1-2: 2-RUN HOME RUN (Flyball, 78XD, EV 103.8 MPH), Distance : 402 ft
|
Batting: LHB Elias Posada
|
0-0: Ground out 1-3 (Groundball, 34S, EV 73.8 MPH)
|
Bottom of the 3rd over - 2 runs, 1 hit, 0 errors, 0 left on base; Great Lakes 5 - Hagerstown 3 |
TOP OF THE 4TH |
Great Lakes Loons batting - Pitching for Hagerstown Suns : RHP Chris Bonham
|
Batting: RHB Bob Magana
|
0-0: Called Strike 0-1: Ball 1-1: Ball 2-1: Foul Ball, location: 2F 2-2: Ball 3-2: Strikes out swinging
|
Batting: RHB Theo Schepers
|
0-0: Ball 1-0: Ground out 5-3 (Groundball, 56S, EV 78.8 MPH)
|
Batting: LHB Chris Barrera
|
0-0: Fly out, F8 (Line Drive, 8RM, EV 105.6 MPH)
|
Top of the 4th over - 0 runs, 0 hits, 0 errors, 0 left on base; Great Lakes 5 - Hagerstown 3 |
BOTTOM OF THE 4TH |
Hagerstown Suns batting - Pitching for Great Lakes Loons : LHP Jonathan Daniels
|
Batting: RHB Naofumi Ishida
|
0-0: Ball 1-0: Fly out, F8 (Flyball, 8RXD, EV 91.2 MPH)
|
Batting: LHB Chance McWilliams
|
0-0: Called Strike 0-1: Fly out, F9 (Line Drive, 9D, EV 106.2 MPH)
|
Batting: RHB Antonio Morado
|
0-0: Called Strike 0-1: Ground out 4-3 (Groundball, 4, EV 104.4 MPH)
|
Bottom of the 4th over - 0 runs, 0 hits, 0 errors, 0 left on base; Great Lakes 5 - Hagerstown 3 |
TOP OF THE 5TH |
Great Lakes Loons batting - Pitching for Hagerstown Suns : RHP Chris Bonham
|
Batting: SHB Shane Marcum
|
0-0: Called Strike 0-1: Foul Ball, location: 2F 0-2: Strikes out swinging
|
Batting: LHB Steve Pond
|
0-0: Ball 1-0: Swinging Strike 1-1: Ball 2-1: Called Strike 2-2: Ball 3-2: Base on Balls
|
Batting: RHB Jerry Sanchez
|
0-0: Foul Ball, location: 2F 0-1: Fielders Choice at 2nd, 6-4 (Groundball, 6, EV 101.9 MPH)
|
Batting: LHB Mitchell Casey
|
0-0: Ball 1-0: Called Strike Jerry Sanchez is caught stealing 2nd base 2-6
|
Top of the 5th over - 0 runs, 0 hits, 0 errors, 0 left on base; Great Lakes 5 - Hagerstown 3 |
BOTTOM OF THE 5TH |
Hagerstown Suns batting - Pitching for Great Lakes Loons : LHP Jonathan Daniels
|
Batting: RHB Joe Klein
|
0-0: Called Strike 0-1: Foul Ball, location: 2F 0-2: Ball 1-2: SINGLE (Groundball, 6S, EV 66.2 MPH) (infield hit)
|
Batting: RHB John Savard
|
0-0: Called Strike 0-1: Ball 1-1: Ball 2-1: SINGLE (Groundball, 4MD, EV 103.8 MPH) Joe Klein to second
|
Batting: RHB Jim Miske
|
0-0: Ball 1-0: Called Strike 1-1: Called Strike 1-2: Ball 2-2: Fielders Choice at 2nd, 6-4 (Groundball, 6, EV 108.1 MPH) Joe Klein to third
|
Batting: LHB Nate Melendez
|
0-0: Called Strike 0-1: Ball 1-1: Foul Ball, location: 2F 1-2: Ball 2-2: SINGLE (Flyball, 56D, EV 100.6 MPH) Joe Klein scores Jim Miske to second
|
Batting: RHB Slavik Nebrodov
|
0-0: Called Strike 0-1: Ball 1-1: Ball 2-1: Ball Jim Miske steals 3rd base 3-1: Base on Balls Nate Melendez to second
|
Batting: LHB Elias Posada
|
0-0: Ball 1-0: Ball 2-0: Ball Wild Pitch! Jim Miske scores Nate Melendez to third Slavik Nebrodov to second 3-0: Called Strike 3-1: Swinging Strike 3-2: Base on Balls
|
Pitching: RHP Lee Durbin
|
|
Batting: RHB Naofumi Ishida
|
0-0: SINGLE (Groundball, 4D, EV 105.6 MPH) Nate Melendez scores Slavik Nebrodov to third Elias Posada to second
|
Batting: LHB Chance McWilliams
|
0-0: Foul Ball, location: 2F 0-1: Ball 1-1: SINGLE (Line Drive, 56, EV 99.4 MPH) Slavik Nebrodov scores Elias Posada to third Naofumi Ishida to second
|
Batting: RHB Antonio Morado
|
0-0: Ball 1-0: Ball 2-0: Called Strike 2-1: Foul Ball, location: 2F 2-2: Ball 3-2: Fly out, F8 (Flyball, 8RM, EV 81.2 MPH) Runner from 3rd tags up, SCORES, throw by CF
|
Batting: RHB Joe Klein
|
0-0: Swinging Strike 0-1: Foul Ball, location: 2F 0-2: Ball 1-2: Ball 2-2: Foul Ball, location: 2F 2-2: Hit by Pitch Naofumi Ishida to third Chance McWilliams to second
|
Batting: RHB John Savard
|
0-0: Called Strike 0-1: Fielders Choice at 2nd, 6-4 (Groundball, 6, EV 88.1 MPH)
|
Bottom of the 5th over - 5 runs, 5 hits, 0 errors, 3 left on base; Great Lakes 5 - Hagerstown 8 |
TOP OF THE 6TH |
Great Lakes Loons batting - Pitching for Hagerstown Suns : RHP Chris Bonham
|
Batting: LHB Mitchell Casey
|
0-0: Called Strike 0-1: Ball 1-1: Ball 2-1: Foul Ball, location: 2F 2-2: Ball 3-2: Base on Balls
|
Batting: RHB Matt Fields
|
0-0: Ball 1-0: DOUBLE (Line Drive, 89M, EV 113.8 MPH) Mitchell Casey to third
|
Batting: RHB Chad Rojas
|
0-0: Ball 1-0: Foul Ball, location: 2F 1-1: Ground out U3 (Groundball, 3, EV 103.1 MPH)
|
Batting: RHB Bob Magana
|
0-0: Foul Ball, location: 2F 0-1: Foul Ball, location: 2F 0-2: Fly out, F9 (Flyball, 89XD, EV 83.1 MPH) Runner from 3rd tags up, SCORES, no throw by RF
|
Pinch Hitting: LHB Danny Roe
|
0-0: Ball 1-0: Ball 2-0: Ball 3-0: Base on Balls
|
Batting: LHB Chris Barrera
|
0-0: Ball 1-0: SINGLE (Line Drive, 4MD, EV 109.4 MPH) Matt Fields to third Danny Roe to second
|
Batting: SHB Shane Marcum
|
0-0: Foul Ball, location: 2F 0-1: Swinging Strike 0-2: DOUBLE (Groundball, 3L, EV 95.0 MPH) Matt Fields scores Danny Roe scores Chris Barrera to third Runner from 3rd tries for Home, SAFE, throw by RF to trailing runner, SAFE at third!
|
Pitching: LHP Kerry Baty
|
|
Batting: LHB Steve Pond
|
0-0: Called Strike 0-1: Ball 1-1: Ball 2-1: Called Strike 2-2: Ball 3-2: Strikes out looking
|
Top of the 6th over - 4 runs, 3 hits, 0 errors, 1 left on base; Great Lakes 9 - Hagerstown 8 |
BOTTOM OF THE 6TH |
Hagerstown Suns batting - Pitching for Great Lakes Loons : RHP Lee Durbin
|
Now at 2B: Jeremy Beltron
|
|
Batting: RHB Jim Miske
|
0-0: Ball 1-0: Foul Ball, location: 2F 1-1: Swinging Strike 1-2: Ball 2-2: Foul Ball, location: 2F 2-2: Ball 3-2: Base on Balls
|
Batting: LHB Nate Melendez
|
0-0: Foul Ball, location: 2F 0-1: Ball 1-1: Ball 2-1: Ball Jim Miske steals 2nd base 3-1: Ground out 4-3 (Groundball, 4, EV 85.0 MPH) Jim Miske to third
|
Batting: RHB Slavik Nebrodov
|
0-0: Ball 1-0: Ball 2-0: Called Strike 2-1: Hit by Pitch
|
Batting: LHB Elias Posada
|
0-0: Ball 1-0: Ball 2-0: Ball 3-0: Base on Balls Slavik Nebrodov to second
|
Batting: RHB Naofumi Ishida
|
0-0: Called Strike 0-1: Ball 1-1: Called Strike 1-2: SINGLE (Line Drive, 5, EV 96.9 MPH) Jim Miske scores Slavik Nebrodov to third Elias Posada to second Runner from 3rd tries for Home, SAFE, throw by LF to home
|
Batting: LHB Chance McWilliams
|
0-0: Called Strike 0-1: Called Strike 0-2: Ball 1-2: Foul Ball, location: 2F 1-2: Strikes out swinging
|
Pitching: LHP Jake Hall
|
|
Batting: RHB Antonio Morado
|
0-0: Ball 1-0: Foul Ball, location: 2F 1-1: Foul Ball, location: 2F 1-2: Strikes out swinging
|
Bottom of the 6th over - 2 runs, 1 hit, 0 errors, 2 left on base; Great Lakes 9 - Hagerstown 10 |
TOP OF THE 7TH |
Great Lakes Loons batting - Pitching for Hagerstown Suns : LHP Kerry Baty
|
Batting: RHB Jerry Sanchez
|
0-0: Ball 1-0: Ground out 6-3 (Groundball, 56D, EV 105.6 MPH)
|
Batting: LHB Mitchell Casey
|
0-0: Ball 1-0: Called Strike 1-1: Called Strike 1-2: Strikes out swinging
|
Batting: RHB Matt Fields
|
0-0: Ball 1-0: Swinging Strike 1-1: Foul Ball, location: 2F 1-2: Ball 2-2: SINGLE (Groundball, 56D, EV 103.1 MPH)
|
Batting: RHB Chad Rojas
|
0-0: Ball 1-0: Called Strike 1-1: Ball Matt Fields steals 2nd base 2-1: Called Strike 2-2: Strikes out looking
|
Top of the 7th over - 0 runs, 1 hit, 0 errors, 1 left on base; Great Lakes 9 - Hagerstown 10 |
BOTTOM OF THE 7TH |
Hagerstown Suns batting - Pitching for Great Lakes Loons : LHP Jake Hall
|
Pitching: RHP Cody Bryant
|
|
Batting: RHB Joe Klein
|
0-0: Ball 1-0: Ball 2-0: Called Strike 2-1: Ball 3-1: Hit by Pitch
|
Batting: RHB John Savard
|
0-0: Bunt - Flyout to 13S! F1
|
Batting: RHB Jim Miske
|
0-0: Ball 1-0: Fly out, F8 (Flyball, 8RD, EV 84.4 MPH)
|
Pitching: RHP Balinda Msrah
|
|
Batting: LHB Nate Melendez
|
0-0: Swinging Strike 0-1: Foul Ball, location: 2F 0-2: Fly out, F8 (Flyball, 8LXD, EV 93.8 MPH)
|
Bottom of the 7th over - 0 runs, 0 hits, 0 errors, 1 left on base; Great Lakes 9 - Hagerstown 10 |
TOP OF THE 8TH |
Great Lakes Loons batting - Pitching for Hagerstown Suns : LHP Kerry Baty
|
Batting: RHB Bob Magana
|
0-0: Ball 1-0: Ball 2-0: Ball 3-0: Called Strike 3-1: SOLO HOME RUN (Flyball, 78XD, EV 111.2 MPH), Distance : 413 ft
|
Batting: RHB Jeremy Beltron
|
0-0: DOUBLE (Line Drive, 9LM, EV 105.6 MPH)
|
Batting: LHB Chris Barrera
|
0-0: SINGLE (Line Drive, 34D, EV 98.8 MPH) Jeremy Beltron to third
|
Batting: SHB Shane Marcum
|
0-0: Ball 1-0: Called Strike 1-1: Foul Ball, location: 2F 1-2: Foul Ball, location: 2F 1-2: Foul Ball, location: 2F 1-2: Foul Ball, location: 2F 1-2: Ball 2-2: Foul Ball, location: 2F 2-2: Strikes out swinging
|
Batting: LHB Steve Pond
|
0-0: Foul Ball, location: 2F 0-1: Swinging Strike 0-2: Ball 1-2: Strikes out swinging
|
Batting: RHB Jerry Sanchez
|
0-0: Swinging Strike 0-1: Called Strike 0-2: Reached on error, E6 (Groundball, 6, EV 106.2 MPH) Jeremy Beltron scores Chris Barrera to second
|
Batting: LHB Mitchell Casey
|
0-0: 3-RUN HOME RUN (Flyball, 89XD, EV 104.4 MPH), Distance : 414 ft
|
Pitching: RHP Jon Baily
|
|
Batting: RHB Matt Fields
|
0-0: Ball 1-0: Foul Ball, location: 2F 1-1: Swinging Strike 1-2: Foul Ball, location: 2F 1-2: Strikes out swinging
|
Top of the 8th over - 5 runs, 4 hits, 1 error, 0 left on base; Great Lakes 14 - Hagerstown 10 |
BOTTOM OF THE 8TH |
Hagerstown Suns batting - Pitching for Great Lakes Loons : RHP Balinda Msrah
|
Now at 1B: Junro Kato
|
|
Batting: RHB Slavik Nebrodov
|
0-0: Swinging Strike 0-1: Ball 1-1: Swinging Strike 1-2: Ball 2-2: Foul Ball, location: 2F 2-2: Strikes out swinging
|
Batting: LHB Elias Posada
|
0-0: Ball 1-0: Ball 2-0: Foul Ball, location: 2F 2-1: Ground out U3 (Groundball, 3L, EV 103.1 MPH)
|
Batting: RHB Naofumi Ishida
|
0-0: Ball 1-0: Called Strike 1-1: Ball 2-1: Foul Ball, location: 2F 2-2: Strikes out swinging
|
Bottom of the 8th over - 0 runs, 0 hits, 0 errors, 0 left on base; Great Lakes 14 - Hagerstown 10 |
TOP OF THE 9TH |
Great Lakes Loons batting - Pitching for Hagerstown Suns : RHP Jon Baily
|
Pitching: RHP Chris Doty
|
|
Batting: RHB Chad Rojas
|
0-0: Ball 1-0: Fly out, F5 (Popup, 56S, EV 81.2 MPH)
|
Batting: RHB Bob Magana
|
0-0: Ball 1-0: Ground out 6-3 (Groundball, 6, EV 101.9 MPH)
|
Batting: RHB Jeremy Beltron
|
0-0: Ball 1-0: Swinging Strike 1-1: Called Strike 1-2: Ball 2-2: Ground out 5-3 (Groundball, 56S, EV 81.9 MPH)
|
Top of the 9th over - 0 runs, 0 hits, 0 errors, 0 left on base; Great Lakes 14 - Hagerstown 10 |
BOTTOM OF THE 9TH |
Hagerstown Suns batting - Pitching for Great Lakes Loons : RHP Balinda Msrah
|
Batting: LHB Chance McWilliams
|
0-0: SINGLE (Groundball, 6MD, EV 105.6 MPH)
|
Batting: RHB Antonio Morado
|
0-0: Foul Ball, location: 2F 0-1: Swinging Strike 0-2: Strikes out swinging
|
Pinch Hitting: LHB Adam Jacobs
|
0-0: Ball 1-0: Ball 2-0: Foul Ball, location: 2F 2-1: Ball 3-1: Foul Ball, location: 2F 3-2: SINGLE (Groundball, 34D, EV 103.1 MPH) Chance McWilliams to second Chance McWilliams to third
|
Pitching: RHP Nick Vigh
|
|
Batting: RHB John Savard
|
0-0: Called Strike 0-1: DOUBLE (Groundball, 5L, EV 108.8 MPH) Chance McWilliams scores Adam Jacobs to third
|
Batting: RHB Jim Miske
|
0-0: Ball 1-0: Foul Ball, location: 2F 1-1: Foul Ball, location: 2F 1-2: Foul Ball, location: 2F 1-2: Foul Ball, location: 2F 1-2: Foul Ball, location: 2F 1-2: Ball 2-2: Ball 3-2: Foul Ball, location: 2F 3-2: Foul Ball, location: 2F 3-2: DOUBLE (Line Drive, 3D, EV 94.4 MPH) Adam Jacobs scores John Savard scores
|
Batting: LHB Nate Melendez
|
0-0: Foul Ball, location: 2F 0-1: 2-RUN HOME RUN (Flyball, 9D, EV 98.8 MPH), Distance : 374 ft
|
Bottom of the 9th over - 5 runs, 5 hits, 0 errors, 0 left on base; Great Lakes 14 - Hagerstown 15 |
|
Game Over ... Hagerstown defeats Great Lakes, 15 to 14
|
|
|